 Dungeon Crawl Stone Soup version 0.28-a0-265-g048bc9fd10 (webtiles) character file.

Game seed: 8917807467006318319

556 theanonym the Skirmisher (level 7, -2/55 HPs)
             Began as a Mummy Delver on Aug 27, 2021.
             Slain by a black bear (4 damage)
             ... on level 5 of the Dungeon.
             The game lasted 00:04:17 (5538 turns).

theanonym the Skirmisher (Mummy Delver)             Turns: 5538, Time: 00:04:18

Health: -2/55      AC: 10    Str: 17    XL:     7   Next: 8%
Magic:  7/7        EV:  7    Int: 10    God:
Gold:   188        SH:  0    Dex: 13    Spells: 6/6 levels left

rFire   x . .      SeeInvis .   h - +0 war axe
rCold   + . .      Faith    .   (no shield)
rNeg    + + +      Spirit   .   l - +0 chain mail
rPois   ∞          Reflect  .   j - +0 helmet
rElec   .          Harm     .   (no cloak)
rCorr   .          Rampage  .   (no gloves)
Will    .....                   (no boots)
Stlth   ..........              (no amulet)
HPRegen 0.18/turn               (no ring)
MPRegen 0.10/turn               (no ring)

@: weak-willed
A: cold resistance 1, negative energy resistance 3, torment resistance 2, heat
vulnerability 1, no potions
a: no special abilities


Innate Abilities, Weirdness & Mutations

You are immune to poison.
Your flesh is cold resistant. (rC+)
You are immune to negative energy. (rN+++)
You are immune to unholy pain and torment.
You are vulnerable to heat. (rF-)
You do not drink.


   Skills:
 + Level 4.7 Fighting
 * Level 4.7 Axes
 + Level 2.8 Armour
 - Level 1.5 Dodging
 - Level 4.1 Stealth


You had 6 spell levels left.
You didn't know any spells.
Your spell library contained the following spells:

 Spells                   Type           Power      Damage    Failure   Level
 Stone Arrow              Conj/Erth      0%         3d7       100%        3
 Animate Armour           Summ/Erth      0%         N/A       100%        4
 Lehudib's Crystal Spear  Conj/Erth      0%         10d2      100%        8

Skill      XL: |  1  2  3  4  5  6 |
---------------+-------------------+-----
Axes           | 2 3 4 |  4.7
Armour         | 1 2 |  2.8
Fighting       | 4 |  4.7
Dodging        | |  1.5
Stealth        | |  4.1

Action                   |  1- 3 |  4- 6 |  7- 9 || total
-------------------------+-------+-------+-------++-------
Melee: War axe           |   138 |   163 |    34 ||   335
  Use: Scroll            |       |     2 |     2 ||     4
 Stab: Sleeping          |     5 |       |       ||     5
Armor: Ring mail         |    64 |       |       ||    64
       Chain mail        |    12 |   132 |    44 ||   188
Dodge: Dodged            |   105 |    75 |    23 ||   203

Inventory:

Hand Weapons
 a - a +0 hand axe
 h - a +0 war axe (weapon)
Missiles
 i - 39 poisoned darts (quivered)
Armour
 b - a +0 leather armour
 g - a +0 ring mail
 j - a +0 helmet (worn)
 l - a +0 chain mail (worn)
Jewellery
 o - a ring of magical power
 q - a ring of protection from cold
Wands
 c - a wand of digging (3)
Scrolls
 e - a scroll of enchant weapon {unknown}
 f - 4 scrolls of fog
 m - a scroll of identify {unknown}
 n - a scroll of brand weapon {unknown}
 p - a scroll of torment {unknown}
 r - a scroll of enchant armour {unknown}


You were on level 5 of the Dungeon.
You visited 1 branch of the dungeon, and saw 7 of its levels.

You collected 188 gold pieces.

Dungeon Overview and Level Annotations

Branches:
Dungeon (7/15)             Temple (0/1) D:7

Altars:
Ashenzari
Makhleb
Nemelex Xobeh
Qazlal
Vehumet
Yredelemnul

..##..###...#...###.###.#
#.
#.##.####...#...........#
#.
..##.##.......#.###<#####
#. ..............#.#
#.############.
######........#.#
#..........##.. ###
.#.....#..#
####........... ..#
#....###.######...###.##..
#.# .....# ##O.S.....##
#.###. #.# ##.#..
#.@######## #.# #. #.#
#.#. #Z.h# #.# #. #.#
.....Z# #.# #. #.#
[.......# #.# #. #.#
#........ #.# #. #.#
#........ #.# #.#
#........ #.# ####.###..
..# #.#


You could see a black bear (berserk, weak-willed, ally target), a friendly water
moccasin (summoned), a friendly ogre (summoned), a friendly scorpion zombie
(summoned) and a friendly howler monkey zombie (summoned).

Notes
Turn   | Place    | Note
-------+----------+-------------------------------------------
     0 | D:5      | theanonym the Mummy Delver began the quest for the Orb.
     0 | D:5      | Reached XP level 1. HP: 18/18 MP: 1/1
     2 | D:5      | Found a broken altar of Ashenzari.
    30 | D:6      | Noticed an iguana
   118 | D:3      | Reached skill level 2 in Axes
   118 | D:3      | Reached XP level 2. HP: 24/24 MP: 2/2
   370 | D:1      | Reached XP level 3. HP: 27/29 MP: 3/3
   444 | D:1      | Reached skill level 1 in Armour
   961 | D:1      | You fall into a shaft and drop 1 floor!
  1798 | D:2      | Reached XP level 4. HP: 35/35 MP: 4/4
  2025 | D:3      | Found a sparkling altar of Nemelex Xobeh.
  2122 | D:3      | Found a burning altar of Makhleb.
  2301 | D:3      | Reached skill level 3 in Axes
  2403 | D:3      | Found a radiant altar of Vehumet.
  2460 | D:3      | Found a faded altar of an unknown god.
  2568 | D:3      | Found a basalt altar of Yredelemnul.
  2875 | D:4      | Noticed a centaur
  2886 | D:4      | Killed a centaur
  2887 | D:4      | Reached XP level 5. HP: 27/42 MP: 5/5
  2977 | D:4      | Reached skill level 4 in Fighting
  2977 | D:4      | Reached skill level 2 in Armour
  3182 | D:4      | HP: 21/42 [something (1)]
  3182 | D:4      | HP: 6/42 [something/puff of flame (15)]
  3502 | D:4      | Reached XP level 6. HP: 28/48 MP: 6/6
  3650 | D:4      | Reached skill level 4 in Axes
  3717 | D:4      | You fall into a shaft and drop 3 floors!
  4021 | D:5      | Found a stormy altar of Qazlal.
  4056 | D:5      | Reached XP level 7. HP: 54/55 MP: 7/7
  5534 | D:5      | HP: 26/55 [black bear (4)]
  5536 | D:5      | HP: 6/55 [black bear (10)]
  5537 | D:5      | HP: 2/55 [black bear (5)]
  5538 | D:5      | Slain by a black bear

Vanquished Creatures
  A centaur (D:4)
  A water moccasin zombie (D:5)
  A wyvern zombie (D:5)
  An orc priest (D:4)
  A hound (D:5)
  A bullfrog skeleton (D:4)
  2 centaur skeletons
  3 orc wizards (D:4)
  A hound skeleton (D:5)
  4 adders
  A white imp (D:5)
  2 ufetubi
  3 dart slugs
  4 orcs
  6 bats
  11 endoplasms
  3 giant cockroaches
  9 goblins
  4 hobgoblins
  3 quokkas
  7 ball pythons
  9 frilled lizards
  10 kobolds
  4 rats
  A spectral hobgoblin (D:3)
93 creatures vanquished.

Table legend: (Time is in decaauts)
 A = Elapsed time spent in this place.
 B = Non-inter-level travel time spent in this place.
 C = Inter-level travel time spent in this place.
 D = Time resting spent in this place.
 E = Time spent auto-exploring this place.
 F = Levels seen in this place.
 G = Mean time per level.
                   A        B        C        D        E       F      G
               +--------+--------+--------+--------+--------+-----+--------+
         Total |   5674 |   5453 |    221 |    956 |   3655 |   7 |  810.6 |
       Dungeon |   5674 |   5453 |    221 |    956 |   3655 |   7 |  810.6 |
               +--------+--------+--------+--------+--------+-----+--------+

Top non-repeatable levels by time:
     D:4: 1914 daAuts
     D:3: 1328 daAuts
     D:1: 1047 daAuts
     D:2: 815 daAuts
     D:5: 452 daAuts
     D:6: 62 daAuts
     D:7: 54 daAuts
